 Dungeon Crawl Stone Soup version 0.17.0-9-g801d43b (webtiles) character file.

1254 HaroldButt the Basher (level 8, -6/66 HPs)
             Began as a Minotaur Enchanter on Nov 10, 2015.
             Was an Initiate of Trog.
             Mangled by an ice beast (9 damage)
             ... on level 5 of the Dungeon.
             The game lasted 00:15:51 (6158 turns).

HaroldButt the Basher (Minotaur Enchanter)          Turns: 6158, Time: 00:15:51

Health: -6/66      AC:  6    Str: 14    XL:     8   Next: 26%
Magic:  18/18      EV: 12    Int: 12    God:    Trog [......]
Gold:   87         SH:  0    Dex: 12    Spells: 1 memorised, 8 levels left

rFire  . . .     SeeInvis .     q - +0 flail
rCold  . . .     Clarity  .     g - +1 ring mail
rNeg   + + .     SustAt   .     (no shield)
rPois  .         Gourm    .     (helmet restricted)
rElec  .         Spirit   .     (no cloak)
rCorr  .         Warding  +     (no gloves)
rMut   .         Stasis   .     (no boots)
MR     +....                    G - amulet of warding
Stlth  +.........               w - ring of positive energy
                                E - ring of magical power

@: somewhat resistant to hostile enchantments, very unstealthy
A: retaliatory headbutt, horns 2, magic resistance 1
a: Burn Spellbooks, Renounce Religion


You were on level 5 of the Dungeon.
You worshipped Trog.
Trog was noncommittal.
You were not hungry.

You visited 2 branches of the dungeon, and saw 6 of its levels.

You collected 197 gold pieces.
You spent 110 gold pieces at shops.

Inventory:

Hand Weapons
 o - a +0 club
 q - a +0 flail (weapon)
 y - a +0 blowgun
Missiles
 i - 120 stones (quivered)
 j - 36 poisoned needles
Armour
 b - a +1 robe
 g - a +1 ring mail (worn)
 F - a +0 chain mail
Jewellery
 w - a ring of positive energy (right hand)
 E - a ring of magical power (left hand)
 G - an amulet of warding (around neck)
Wands
 m - a wand of random effects (26)
 D - a wand of confusion (23)
Scrolls
 a - a scroll of enchant armour
 e - a scroll of remove curse
 h - a scroll of teleportation
Potions
 f - a potion of haste {unknown}
 n - 2 potions of might
 p - a potion of brilliance
 r - a potion of lignification
 s - a potion of curing
 u - a potion of magic
 x - 2 potions of heal wounds {unknown}
 z - a potion of cure mutation {unknown}
Books
 c - a book of Maledictions

   Spells                             Type                      Level
   a - Corona                         Hexes                        1
   b - Ensorcelled Hibernation        Hexes/Ice                    2
   c - Confuse                        Hexes                        3
   d - Tukima's Dance                 Hexes                        3
   e - Dazzling Spray                 Conjuration/Hexes            3
   Trog disapproves of the use of such an item.
 B - a book of Geomancy

   Spells                             Type                      Level
   a - Sandblast                      Earth                        1
   b - Stoneskin                      Transmutation/Earth          2
   c - Passwall                       Transmutation/Earth          3
   d - Stone Arrow                    Conjuration/Earth            3
   e - Petrify                        Transmutation/Earth          4
   f - Lee's Rapid Deconstruction     Earth                        5
   Trog disapproves of the use of such an item.
Comestibles
 d - 3 bread rations
 k - a royal jelly
 l - 13 chunks of flesh
 t - 2 fruits
 v - 3 meat rations
 C - 2 slices of pizza


   Skills:
 + Level 4.2 Fighting
   Level 1.1 Short Blades
 - Level 9.0 Maces & Flails
 + Level 3.9 Armour
 + Level 4.6 Dodging
 - Level 2.5 Stealth
 - Level 1.3 Spellcasting
 - Level 2.0 Hexes


You had 8 spell levels left.
You knew the following spells:

 Your Spells              Type           Power        Failure   Level  Hunger
a - Corona                Hex            #......      28%         1    ##.....


Dungeon Overview and Level Annotations

Branches:
Dungeon (5/15)             Temple (1/1) D:5

Altars:
Dithmenos
Nemelex Xobeh
Trog
Zin

Shops:
D:5 !


Innate Abilities, Weirdness & Mutations

You reflexively headbutt those who attack you in melee.
You have a pair of horns on your head.
You are resistant to hostile enchantments.


Message History

There is an open door, spattered with blood here.
Items here: ))))) [ รท Drink which item? (? for menu, Esc to quit)
Okay, then.
You hit the ice beast.
The ice beast is severely wounded.
The ice beast hits you.
* * * LOW HITPOINT WARNING * * *
The ice beast freezes you!
* * * LOW HITPOINT WARNING * * *
You barely miss the ice beast.
The ice beast is severely wounded.
The ice beast hits you but does no damage.
You barely miss the ice beast.
The ice beast is severely wounded.
The ice beast closely misses you. The ice beast hits you.
* * * LOW HITPOINT WARNING * * *
The ice beast freezes you!
You die...

########## ###### #### #........#
#.....
...##############........###.....
................@Y.........).....
##.#######.######........###.....
#.# #.# ########## #..... ##.#
#.# ####### #..... .#.#######.#
#.....# #..... ...........#
#.....# #..... .#.##..###.#
#.....# ###### .#.###.###.#
####.....# #
##.###...#.###........##### #


You could see an ice beast.

Vanquished Creatures
  The ghost of Anothat the Covert, an amateur SpAs of Dithmenos (D:4)
  A sky beast (D:5)
  An ice beast (D:5)
  An ogre (D:5)
  A centaur (D:5)
  A phantom (D:4)
  4 crimson imps (D:5)
  3 hounds
  An iguana (D:5)
  2 orc priests (D:4)
  4 orc wizards
  2 worker ants
  A hound skeleton (D:4)
  6 adders
  A gnoll (D:3)
  An adder skeleton (D:4)
  4 worms
  2 giant geckos
  17 orcs
  4 ball pythons
  6 bats
  5 giant cockroaches
  3 goblins
  7 hobgoblins
  7 jackals
  2 quokkas (D:4)
  A giant gecko zombie (D:5)
  7 giant newts
  A jackal skeleton (D:5)
  9 kobolds
  8 rats
114 creatures vanquished.

Notes
Turn   | Place    | Note
--------------------------------------------------------------
     0 | D:1      | HaroldButt the Minotaur Enchanter began the quest for the Orb.
     0 | D:1      | Reached XP level 1. HP: 14/14 MP: 1/1
   230 | D:1      | Reached XP level 2. HP: 17/22 MP: 3/3
   234 | D:1      | Reached skill level 1 in Fighting
  1036 | D:2      | Reached skill level 1 in Maces & Flails
  1037 | D:2      | Gained mutation: Your flesh is heat resistant. [potion of mutation]
  1037 | D:2      | Lost mutation: Your flesh is heat resistant. [potion of mutation]
  1037 | D:2      | Gained mutation: You are resistant to hostile enchantments. [potion of mutation]
  1140 | D:2      | Reached XP level 3. HP: 17/28 MP: 4/4
  1614 | D:2      | Found a sparkling altar of Nemelex Xobeh.
  1618 | D:2      | Found a shadowy altar of Dithmenos.
  1621 | D:2      | Found a faded altar to an unknown god.
  1651 | D:2      | Reached skill level 3 in Maces & Flails
  2071 | D:2      | Reached XP level 4. HP: 35/35 MP: 5/5
  2649 | D:3      | Reached skill level 4 in Maces & Flails
  3132 | D:3      | Reached XP level 5. HP: 37/40 MP: 6/6
  3136 | D:3      | Reached skill level 5 in Maces & Flails
  3549 | D:4      | Noticed Anothat's ghost (amateur SpAs)
  3613 | D:4      | Killed Anothat's ghost
  3613 | D:4      | Reached skill level 7 in Maces & Flails
  3613 | D:4      | Reached XP level 6. HP: 15/47 MP: 7/7
  3889 | D:4      | Noticed a phantom
  3930 | D:4      | Killed a phantom
  4009 | D:4      | Reached skill level 8 in Maces & Flails
  4225 | D:4      | Reached XP level 7. HP: 47/52 MP: 8/8
  4769 | D:4      | Reached skill level 9 in Maces & Flails
  5175 | D:5      | Entered Level 5 of the Dungeon
  5285 | D:5      | Found a glowing silver altar of Zin.
  5315 | D:5      | Found Ziofothro's Distillery.
  5318 | D:5      | Reached skill level 1 in Armour
  5340 | D:5      | Bought a potion of might for 40 gold pieces
  5340 | D:5      | Bought a potion of lignification for 30 gold pieces
  5340 | D:5      | Bought a potion of might for 40 gold pieces
  5472 | D:5      | Found a staircase to the Ecumenical Temple.
  5477 | Temple   | Entered the Ecumenical Temple
  5487 | Temple   | Became a worshipper of Trog the Wrathful
  5834 | D:5      | Reached XP level 8. HP: 59/63 MP: 9/9
  6146 | D:5      | HP: 3/66 [ice beast (7)]
  6158 | D:5      | HP: 3/66 [ice beast (2)]
  6158 | D:5      | Mangled by an ice beast

Action                   |  1- 3 |  4- 6 |  7- 9 || total
-------------------------+-------+-------+-------++-------
Melee: Dagger            |    31 |       |       ||    31
       Flail             |    67 |   193 |   198 ||   458
       Club              |     9 |       |       ||     9
  Use: Potion            |     2 |       |     2 ||     4
       Scroll            |       |     1 |     9 ||    10
 Stab: Sleeping          |       |     1 |       ||     1
  Eat: Chunk             |     4 |     7 |     4 ||    15
       Beef jerky        |       |       |     1 ||     1
       Fruit             |       |       |     1 ||     1
